Map: Lightshade LE

Players

LiquidClem (Clem)

  • Race: Terran Terran
  • League: Grandmaster
  • Spawn Location: 11:00

ShoWTimE - Winner!

  • Race: Protoss Protoss
  • League: Master
  • Spawn Location: 5:00

Event: DreamHack SC2 Masters 2020 Winter

VOD

Have the link to the VOD?

Description

Time

  • Played on: Oct. 24, 2020, 2:32 p.m.
  • Length: 19:56

All games in this series

Show
View Real Time Build Order
Export as new Build Order

LiquidClem Terran 

Build Orders:  

Get SALT Encoding   

  12  0:00  SCV  
  13  0:12  SCV  
  14  0:17  Supply Depot  
  14  0:24  SCV  
  14  0:27  Refinery  
  15  0:38  SCV  
  16  0:44  Barracks  
  16  0:50  SCV  
  17  1:02  SCV  
  18  1:09  Engineering Bay  
  18  1:14  SCV  
  19  1:31  Orbital Command, Marine  
  20  1:32  Factory  
  20  1:37  Supply Depot  
  20  1:50  Barracks Reactor  
  20  1:56  SCV  
  21  2:08  SCV  
  21  2:15  Command Center  
  22  2:29  Hellion x2  
  26  2:32  Reaper  
  26  2:34  Supply Depot  
  26  2:36  SCV  
  28  2:50  Hellion  
  30  2:54  Barracks  
  30  2:56  Hellion  
  30  2:57  SCV  
  33  3:03  Refinery  
  33  3:04  Barracks Tech Lab  
  33  3:09  SCV  
  34  3:21  SCV  
  34  3:23  Marine  
  34  3:32  Factory Reactor, Starport  
  34  3:33  SCV  
  35  3:41  Stimpack, Marine  
  35  3:46  SCV  
  35  3:48  SCV  
  38  3:53  Marine x2  
  38  3:58  SCV  
  38  4:01  Orbital Command  
  38  4:10  SCV  
  38  4:11  Marine  
  38  4:12  Marine x2  
  42  4:22  SCV, Medivac x2  
  45  4:27  SCV  
  45  4:29  Widow Mine, Marine  
  47  4:33  Supply Depot  
  47  4:34  SCV  
  47  4:38  Marine x2  
  48  4:39  SCV  
  48  4:44  Engineering Bay  
  51  4:46  SCV  
  51  4:47  Marine  
  51  4:50  Factory Reactor  
  51  4:51  SCV  
  54  4:58  SCV, Supply Depot, Marine  
  56  5:03  SCV  
  56  5:04  Barracks  
  56  5:06  Marine x2  
  59  5:10  SCV  
  59  5:13  Missile Turret  
  60  5:15  SCV  
  60  5:16  Refinery  
  60  5:17  Marine  
  60  5:20  Combat Shield  
  62  5:22  SCV  
  62  5:27  SCV, Marine x2  
  66  5:33  Terran Infantry Weapons Level 1  
  66  5:34  SCV, Supply Depot  
  67  5:37  Marine  
  67  5:40  SCV  
  69  5:45  Marine  
  70  5:53  Supply Depot, Barracks Tech Lab  
  70  5:55  SCV x2, Medivac x2  
  70  5:56  Widow Mine x2  
  78  6:00  Refinery  
  78  6:09  Command Center  
  78  6:15  SCV x2  
  78  6:17  Supply Depot  
  82  6:18  Marauder  
  82  6:23  Marauder  
  82  6:25  Marine x2  
  85  6:30  Supply Depot  
  86  6:38  SCV x2, Medivac  
  86  6:39  Barracks  
  90  6:40  Barracks  
  90  6:48  Starport  
  90  6:49  Marine  
  90  6:50  Marauder  
  90  6:51  SCV  
  90  6:53  SCV  
  93  6:56  Marine  
  93  6:59  Marauder  
  92  7:03  SCV  
  92  7:08  Marine  
  92  7:09  SCV  
  92  7:10  Missile Turret  
  92  7:12  Marauder  
  92  7:13  Viking  
  95  7:18  Viking  
  95  7:22  Orbital Command  
  95  7:23  SCV  
  95  7:25  SCV  
  95  7:29  Barracks Reactor, Barracks Tech Lab  
  97  7:32  Terran Infantry Armor Level 1  
  97  7:36  Viking  
  99  7:37  SCV  
  99  7:38  SCV  
  99  7:41  Viking  
  103  7:46  Viking, Supply Depot  
  103  7:49  SCV  
  106  7:51  Viking  
  106  7:53  SCV x2  
  106  7:56  Marauder  
  106  7:57  Marauder  
  114  7:59  Marauder  
  114  8:04  SCV  
  114  8:05  Supply Depot  
  117  8:07  Ghost Academy  
  117  8:08  SCV x2  
  117  8:10  Supply Depot  
  119  8:13  Viking, Refinery  
  119  8:16  Viking  
  123  8:21  Viking, Supply Depot  
  123  8:26  Marine x2  
  129  8:28  SCV x2  
  129  8:29  SCV  
  129  8:30  Refinery  
  129  8:31  Viking  
  132  8:35  Supply Depot, Ghost  
  132  8:38  Ghost  
  136  8:41  Marine  
  136  8:42  Marine  
  136  8:43  Supply Depot  
  136  8:45  SCV  
  136  8:46  SCV  
  136  8:48  Ghost  
  140  8:53  Marine  
  140  8:54  Supply Depot, Marine  
  144  8:55  Missile Turret  
  144  8:56  SCV  
  144  9:02  Viking  
  147  9:04  Armory  
  147  9:05  Engineering Bay  
  147  9:06  Ghost  
  149  9:15  Command Center  
  149  9:16  Ghost  
  147  9:19  Marine x3  
  152  9:25  Marine  
  152  9:26  Medivac  
  152  9:27  Medivac  
  152  9:28  Marauder  
  159  9:36  Marauder  
  161  9:40  Marine  
  161  9:41  Marine x2  
  161  9:42  Supply Depot x2  
  160  9:46  Marauder  
  160  9:48  Ghost  
  160  9:51  Marine  
  159  9:54  Terran Infantry Weapons Level 2  
  159  9:57  Marauder  
  160  10:02  SCV x2  
  160  10:03  Marine x2  
  160  10:04  Supply Depot, Bunker  
  160  10:06  Terran Infantry Armor Level 2  
  164  10:07  Marauder  
  164  10:08  Marine  
  164  10:13  Barracks  
  167  10:17  Marauder, Marine, Barracks  
  167  10:18  Marauder  
  167  10:21  Enhanced Shockwaves  
  171  10:22  Marine  
  172  10:29  Marauder  
  172  10:32  Marine  
  172  10:35  Marine x2  
  173  10:39  Marauder  
  173  10:40  Marauder  
  176  10:46  Liberator  
  176  10:48  Marine  
  178  10:50  Marauder  
  178  11:00  Marauder  
  178  11:01  Marauder  
  178  11:03  Liberator  
  167  11:05  Planetary Fortress  
  167  11:09  Barracks Tech Lab x2  
  167  11:10  Marine x2  
  168  11:11  Marauder  
  168  11:15  Marine  
  168  11:16  Marine  
  159  11:22  Marauder x2, Liberator  
  160  11:28  SCV, Marine  
  160  11:31  Refinery, Missile Turret  
  162  11:33  Marauder  
  162  11:35  Marine x2  
  162  11:37  Terran Ship Weapons Level 1  
  162  11:38  Marine, Liberator  
  172  11:40  Marauder  
  172  11:42  SCV  
  172  11:43  Concussive Shells, Ghost, Marauder  
  172  11:45  Marauder  
  172  11:46  SCV  
  176  11:54  Marauder  
  176  11:57  SCV, Refinery  
  166  12:01  Marauder  
  166  12:04  Marauder  
  166  12:06  Ghost  
  166  12:07  Marine  
  167  12:11  Ghost, Marine x3  
  174  12:16  Marauder  
  174  12:19  SCV  
  177  12:22  Marauder  
  177  12:24  Marine, Liberator  
  177  12:26  Marauder  
  183  12:32  Sensor Tower  
  183  12:35  Marauder  
  187  12:37  Marauder  
  187  12:41  Marauder  
  182  12:44  Marauder  
  182  12:45  Liberator x2  
  182  12:47  Marauder, Command Center, Marine  
  191  12:57  Marauder  
  192  12:58  Marauder  
  192  13:01  Viking  
  192  13:02  Marauder  
  192  13:05  Marauder  
  181  13:07  Liberator  
  181  13:09  Marauder, Marine x2  
  181  13:12  Marine  
  171  13:17  Ghost  
  171  13:18  Marine  
  171  13:19  Ghost  
  175  13:24  Terran Infantry Weapons Level 3, Marauder  
  175  13:27  Marauder, Marine  
  177  13:28  Medivac  
  177  13:30  Marauder, Marine  
  181  13:45  Marauder, Marine x2  
  181  13:46  Medivac  
  181  13:47  Marauder  
  181  13:48  Marauder x2  
  193  13:51  Marauder  
  195  14:02  Medivac  
  186  14:03  Medivac  
  186  14:06  Marauder  
  186  14:08  Ghost, Marauder, Marine  
  185  14:10  Marauder  
  185  14:12  Medivac  
  185  14:13  Marauder  
  185  14:14  Marine  
  190  14:18  Terran Ship Weapons Level 2  
  190  14:28  Marauder, Fusion Core  
  190  14:29  Terran Infantry Armor Level 3  
  192  14:32  Marine  
  192  14:34  Marauder  
  192  14:38  Marauder  
  197  14:39  Marauder  
  199  14:49  Planetary Fortress  
  199  14:50  Command Center  
  199  14:52  Missile Turret  
  197  15:02  Marauder x2  
  197  15:06  Liberator  
  191  15:08  Marauder  
  191  15:09  Marauder  
  170  15:14  Marauder  
  170  15:15  Marine x3  
  171  15:23  Ghost  
  171  15:24  Marauder  
  137  15:29  Marine  
  137  15:30  Marauder x2  
  137  15:34  Liberator  
  142  15:41  Marauder  
  116  15:50  Marine  
  116  15:51  Marauder x2  
  116  15:55  SCV x4  
  116  15:56  Liberator  
  111  15:58  Marauder  
  111  16:02  Marauder  
  115  16:07  SCV  
  115  16:08  SCV x2  
  113  16:15  Ghost  
  113  16:18  SCV  
  112  16:26  SCV x2  
  112  16:27  SCV  
  115  16:36  Marine  
  115  16:37  Marauder, Marine  
  115  16:38  Marauder  
  121  16:44  Ghost  
  123  16:47  Marine  
  123  16:48  Marine  
  123  16:49  Marauder  
  123  16:50  Marauder  
  129  16:57  Marine  
  129  16:58  Marine  
  129  16:59  Ghost, Marauder  
  132  17:04  SCV  
  132  17:07  SCV  
  121  17:09  Ghost  
  121  17:10  Ghost  
  121  17:12  Marine  
  121  17:14  SCV  
  129  17:16  Marauder  
  123  17:26  Marine x2  
  123  17:27  SCV, Marauder, Orbital Command  
  123  17:29  Medivac  
  130  17:31  Marine  
  130  17:34  Marauder  
  133  17:37  SCV  
  121  17:46  Marauder  
  121  17:47  Marauder  
  121  17:48  Marauder  
  121  17:49  Marine x4  
  129  17:57  Medivac  
  131  17:59  Marauder  
  131  18:05  SCV x3  
  135  18:06  SCV  
  135  18:10  Medivac  
  139  18:17  Marauder  
  139  18:19  Marauder x2  
  114  18:21  Medivac  
  114  18:22  Marine  
  114  18:26  Marine x3  
  112  18:29  Orbital Command  
  112  18:30  Marauder  
  112  18:32  Medivac  
  116  18:35  Marauder  
  114  18:43  SCV  
  114  18:44  SCV x2  
  111  18:49  Marauder  
  111  18:51  Marauder  
  111  18:55  SCV, Ghost  
  116  18:56  SCV  
  116  18:58  SCV  
  116  19:00  Orbital Command  
  121  19:04  Marauder  
  121  19:05  Marauder  
  121  19:06  Marine  
  122  19:12  Marauder  
  122  19:13  Marine  
  122  19:14  Marine x2  
  122  19:18  Ghost  
  122  19:26  Missile Turret  
  122  19:32  Marauder x2  
  122  19:34  Marine  
Show
View Real Time Build Order
Export as new Build Order

ShoWTimE Protoss - Winner!

Build Orders: 1 Gate Expand, Oracle Opening, Phoenix Opening 

Get SALT Encoding   

  12  0:00  Probe  
  13  0:12  Probe  
  14  0:17  Pylon  
  14  0:24  Probe (Chrono Boost)  
  15  0:36  Probe (Chrono Boost), Gateway  
  16  0:44  Probe (Chrono Boost)  
  16  0:46  Assimilator  
  17  0:50  Probe  
  18  1:03  Probe  
  19  1:15  Probe  
  20  1:24  Nexus  
  20  1:35  Cybernetics Core  
  20  1:36  Probe  
  21  1:42  Assimilator  
  21  1:48  Probe  
  22  1:54  Pylon  
  22  2:00  Probe  
  23  2:09  Adept (Chrono Boost)  
  23  2:13  Probe  
  26  2:17  Stargate  
  26  2:25  Probe  
  26  2:29  Adept (Chrono Boost), Warp Gate  
  27  2:36  Probe (Chrono Boost)  
  30  2:43  Probe (Chrono Boost)  
  31  2:47  Probe (Chrono Boost)  
  33  2:51  Probe (Chrono Boost)  
  33  2:52  Adept  
  33  2:53  Probe (Chrono Boost)  
  36  3:01  Probe  
  36  3:02  Oracle (Chrono Boost)  
  40  3:06  Shield Battery  
  40  3:09  Probe  
  41  3:13  Pylon  
  41  3:16  Probe  
  42  3:22  Adept  
  42  3:23  Probe  
  43  3:28  Probe  
  43  3:32  Shield Battery  
  42  3:35  Probe  
  42  3:36  Phoenix (Chrono Boost)  
  45  3:41  Probe  
  45  3:47  Probe  
  47  3:53  Probe  
  43  3:57  Phoenix (Chrono Boost)  
  43  3:59  Probe  
  46  4:06  Probe, Pylon  
  47  4:12  Probe  
  48  4:18  Probe, Adept  
  48  4:19  Phoenix  
  48  4:23  Gateway  
  48  4:24  Probe  
  54  4:26  Assimilator  
  54  4:27  Assimilator  
  54  4:30  Probe  
  55  4:32  Robotics Facility  
  55  4:36  Probe  
  56  4:41  Pylon  
  56  4:42  Probe  
  57  4:46  Phoenix  
  57  4:48  Probe  
  60  4:54  Probe  
  60  4:55  Gateway  
  61  5:01  Zealot  
  63  5:08  Nexus  
  63  5:15  Probe x2  
  63  5:16  Gateway  
  65  5:23  Robotics Bay, Observer  
  65  5:26  Stalker  
  65  5:28  Shield Battery  
  68  5:33  Pylon  
  68  5:35  Stalker  
  70  5:48  Pylon  
  70  5:51  Probe x2  
  70  5:52  Stalker x2  
  75  6:00  Forge  
  75  6:03  Probe x2  
  77  6:06  Pylon  
  77  6:08  Extended Thermal Lance  
  77  6:09  Colossus (Chrono Boost)  
  77  6:15  Sentry  
  77  6:16  Probe  
  86  6:20  Probe  
  86  6:21  Probe  
  86  6:25  Sentry  
  90  6:27  Zealot  
  90  6:29  Probe  
  90  6:32  Probe, Pylon  
  94  6:34  Probe  
  94  6:39  Shield Battery  
  95  6:44  Stalker  
  95  6:45  Probe x2  
  95  6:46  Probe  
  100  6:48  Colossus (Chrono Boost)  
  100  6:51  Protoss Ground Weapons Level 1 (Chrono Boost)  
  104  6:57  Probe  
  104  6:58  Probe  
  104  7:00  Probe  
  99  7:04  Twilight Council  
  99  7:09  Probe, Zealot x3  
  99  7:11  Pylon  
  99  7:13  Assimilator  
  103  7:16  Assimilator  
  103  7:20  Probe  
  102  7:28  Colossus  
  102  7:30  Gateway x2  
  102  7:31  Sentry, Zealot  
  102  7:36  Gateway  
  106  7:37  Charge (Chrono Boost)  
  106  7:38  Probe x2  
  114  7:48  Gateway  
  114  7:50  Pylon  
  114  7:51  Phoenix  
  114  7:54  Forge  
  114  7:55  Pylon  
  114  7:56  Shield Battery  
  114  7:59  Sentry  
  114  8:01  Pylon, Zealot x2  
  114  8:03  Probe  
  121  8:11  Templar Archives  
  121  8:14  Zealot  
  123  8:20  Pylon  
  123  8:22  Probe, Photon Cannon  
  123  8:23  Protoss Ground Armor Level 1 (Chrono Boost)  
  127  8:28  Immortal (Chrono Boost)  
  127  8:33  Zealot x3  
  127  8:34  Zealot  
  136  8:47  Probe x2  
  138  8:52  Zealot x2, High Templar x2  
  146  8:55  Archon  
  146  8:57  Observer  
  146  8:59  Pylon  
  146  9:01  Blink (Chrono Boost)  
  146  9:03  Disruptor (Chrono Boost)  
  146  9:04  Zealot x4  
  146  9:07  Protoss Ground Weapons Level 2 (Chrono Boost)  
  157  9:10  Robotics Facility  
  157  9:22  Pylon  
  157  9:23  Stalker x2  
  161  9:27  Pylon  
  161  9:28  Stalker x2  
  161  9:29  Pylon  
  161  9:36  Disruptor  
  160  9:39  Zealot x2  
  160  9:42  Zealot  
  158  9:54  Zealot x5  
  158  9:57  Disruptor  
  171  10:08  Nexus  
  171  10:12  Disruptor  
  171  10:13  Pylon  
  174  10:19  High Templar x2  
  174  10:20  Zealot x2  
  180  10:24  Archon, Protoss Ground Armor Level 2 (Chrono Boost)  
  180  10:28  Pylon  
  180  10:33  Disruptor  
  180  10:34  Probe x3  
  182  10:48  Disruptor  
  182  10:49  Dark Shrine  
  179  10:50  Zealot x6  
  179  10:56  Zealot x2  
  173  11:06  Probe x3  
  172  11:18  Probe  
  149  11:19  Stalker x5, Zealot  
  161  11:27  Probe x3, Disruptor (Chrono Boost)  
  161  11:28  Disruptor (Chrono Boost)  
  170  11:33  Zealot  
  170  11:47  Pylon  
  170  11:48  Stalker x5  
  180  11:55  Probe x2  
  180  11:59  Disruptor  
  185  12:03  Shadow Stride (Chrono Boost)  
  185  12:07  Nexus  
  177  12:10  Pylon  
  177  12:12  Zealot x4  
  185  12:17  Assimilator  
  185  12:19  Protoss Ground Weapons Level 3 (Chrono Boost)  
  185  12:21  Assimilator  
  185  12:22  Stargate  
  180  12:37  Stalker x3  
  180  12:42  Zealot x2  
  180  12:43  Zealot  
  182  12:55  Zealot x2  
  184  13:03  Zealot x4  
  160  13:14  Zealot x2  
  162  13:20  Zealot x2  
  162  13:24  Zealot, Protoss Ground Armor Level 3 (Chrono Boost)  
  162  13:25  Zealot x3  
  164  13:32  Probe x4, Nexus  
  164  13:35  Pylon, Zealot x2  
  164  13:41  Pylon  
  168  13:44  Zealot, Gateway  
  168  13:45  Zealot x3  
  168  13:46  Gateway  
  177  13:48  Probe  
  177  13:51  Shield Battery  
  177  14:01  Dark Templar x4  
  185  14:08  Zealot x3  
  185  14:09  Zealot  
  184  14:10  Disruptor  
  184  14:22  Probe x4  
  184  14:23  Disruptor  
  191  14:29  Dark Templar  
  191  14:30  Dark Templar x3  
  199  14:48  Photon Cannon  
  187  15:02  Zealot x5  
  163  15:07  Disruptor  
  163  15:08  Zealot x3  
  151  15:21  High Templar x2  
  151  15:27  Archon, Nexus  
  151  15:28  Stalker x5  
  142  15:29  Stalker  
  140  15:35  Stalker x2  
  137  15:43  Disruptor  
  130  15:54  Dark Templar x6  
  130  15:55  Dark Templar  
  140  15:58  Probe  
  141  16:04  Pylon  
  141  16:11  Zealot x2  
  137  16:18  Disruptor  
  138  16:27  Zealot x3  
  138  16:32  Zealot x2  
  148  16:39  Stalker  
  150  16:40  Stalker  
  150  16:43  Phoenix (Chrono Boost)  
  154  16:48  Stalker  
  150  17:10  Stalker x6  
  152  17:16  Probe x3  
  155  17:25  Dark Templar x4  
  161  17:30  Assimilator, Disruptor (Chrono Boost)  
  161  17:32  Assimilator  
  154  17:50  Dark Templar x2  
  154  17:51  Dark Templar  
  142  17:56  Zealot x3  
  142  17:58  Zealot x4  
  156  18:11  Disruptor (Chrono Boost)  
  144  18:23  Zealot x6  
  144  18:24  Zealot x2  
  149  18:33  Assimilator  
  147  18:35  Assimilator  
  147  18:42  Zealot x2  
  147  18:43  Disruptor (Chrono Boost)  
  152  19:00  Zealot x4  
  159  19:02  Nexus  
  159  19:05  Pylon  
  156  19:12  Disruptor  
  151  19:20  Stalker x5  
  151  19:21  High Templar  
  151  19:22  High Templar  
  165  19:26  Archon  
  165  19:38  Dark Templar x2  
  167  19:40  Zealot  
Tags
 
Add a new tag
Caveats
  • Supply blocks, unpowered buildings, or Contaminate may cause inaccurate times.
  • Supply counts are checked every 10 seconds.